 Dungeon Crawl Stone Soup version 0.31.0-11-ge490571c62 (webtiles) character file.

Game seed: 11685053295433452566

126 qw the Shooter (level 4, -5/23 HPs)
             Began as a Spriggan Hunter on Feb 4, 2024.
             Killed by divine providence
             ... invoked by an orc priest
              (10 damage)
             ... on level 3 of the Dungeon.
             The game lasted 00:00:50 (1663 turns).

qw the Shooter (Spriggan Hunter)                    Turns: 1663, Time: 00:00:51

Health: -5/23      AC:  2    Str:  7    XL:     4   Next: 84%
Magic:  5/5        EV: 20    Int: 10    God:
Gold:   112        SH:  0    Dex: 20    Spells: 3/3 levels left

rFire   . . .        a - +2 shortbow
rCold   . . .        (shield currently unavailable)
rNeg    . . .        c - +0 robe
rPois   .            (helmet restricted)
rElec   .            (no cloak)
rCorr   .            (gloves unavailable)
SInv    +            (boots unavailable)
Will    .....        (no amulet)
Stlth   ++           (no ring)
HPRegen 0.23/turn    (no ring)
MPRegen 0.09/turn

%: no passive effects
@: very quick
A: very small, no large weapons, unfitting armour, see invisible, speed 3
a: no special abilities


You were on level 3 of the Dungeon.
You visited 1 branch of the dungeon, and saw 3 of its levels.

You collected 112 gold pieces.


Innate Abilities, Weirdness & Mutations

You are very small and have problems with some larger weapons.
You are too small for most types of armour.
You have supernaturally acute eyesight. (SInv)
You cover ground extremely quickly. (Speed+++)


   Skills:
 - Level 2.0 Fighting
 + Level 5.1 Ranged Weapons
 - Level 5.0 Dodging
 - Level 1.5 Stealth


You had 3 spell levels left.
You didn't know any spells.
Your spell library was empty.

Inventory:

Hand Weapons
 a - a +2 shortbow (weapon)
Armour
 c - a +0 robe (worn)
Scrolls
 d - a scroll of noise {unknown}
 g - a scroll of identify
Potions
 b - a potion of cancellation {unknown}
 f - a potion of curing

Dungeon Overview and Level Annotations

Branches:
Dungeon (3/15)

Altars:


Message History

The goblin misses you.
You shoot an arrow. The arrow hits the goblin.
You kill the goblin!
You start resting.
HP restored.
Things that are here:
a +0 club; a +0 dagger; a +0 sling
Things that are here:
a +0 club; a +0 dagger
Things that are here:
a +0 dagger; a goblin corpse
Found a stone staircase leading down.
There is a stone staircase leading down here. 2 orcs and an orc priest come into view.
The orc shouts! x2; You hear a shout! x2; The orc priest shouts!
You shoot an arrow. The arrow hits the orc!
You kill the orc!
An orc priest comes into view. It is wielding a +0 dagger.
You shoot an arrow. The arrow hits the orc!
You kill the orc!
The orc priest calls down the wrath of Beogh upon you.
Beogh smites you!
You shoot an arrow. The arrow hits the orc priest!
The orc priest is heavily wounded.
The orc priest hits you with a +0 whip.
You shoot an arrow. The arrow hits the orc priest.
The orc priest is almost dead.
The orc priest misses you.
An orc comes into view. It is wielding a +0 club.
The orc priest closely misses you.
You shoot an arrow.
The arrow completely misses the orc priest.
The orc priest hits you with a +0 whip.
The orc priest calls upon Beogh to heal the orc priest.
The orc priest is healed somewhat.
You shoot an arrow. The arrow hits the orc priest.
The orc priest is almost dead.
The orc priest calls down the wrath of Beogh upon you.
Beogh smites you!
You die...

### # ..# ## ###. #.# #... ....
#.# #..#####. .. #.# # #.... ....
#.##.##.# #..#####..###...ooo#
### ##..........#.##@# #.# ....#
###..##.# ##.#
.##.######....##.##########..# ##
#........#..............#..#.# #.
.#.......%....##.######.#.#..###.
##.##.##.............##.>.......#
##.##.#####..........####.##...##
##.##.# #....................#
#.##.# #.......>..####.###..#


You could see 2 orc priests and an orc.

Vanquished Creatures
  Robin (D:3)
  4 adders
  3 dart slugs
  A ribbon worm (D:2)
  2 orcs (D:3)
  A ball python (D:3)
  5 endoplasms
  3 giant cockroaches (D:1)
  13 goblins
  6 hobgoblins
  2 jackals (D:1)
  11 kobolds
  2 quokkas
  4 bats
  6 frilled lizards
  A rat (D:2)
65 creatures vanquished.

Notes
Turn   | Place    | Note
-------+----------+-------------------------------------------
     0 | D:1      | qw the Spriggan Hunter began the quest for the Orb.
     0 | D:1      | Reached XP level 1. HP: 10/10 MP: 2/2
     0 | D:1      | 0 ||| qw: Version: 0.3-a-160-g6735b56
     0 | D:1      | 0 ||| qw: Game counter: 5894
     0 | D:1      | 0 ||| qw: Melee chars always use a shield: true
     0 | D:1      | 0 ||| qw: God list: Okawaru
     0 | D:1      | 0 ||| qw: Allow faded altars: false
     0 | D:1      | 0 ||| qw: Do Orc after clearing Dungeon:15 true
     0 | D:1      | 0 ||| qw: Do second Lair branch before Depths: true
     0 | D:1      | 0 ||| qw: Lair rune preference: random
     0 | D:1      | 0 ||| qw: Goals: Normal
     0 | D:1      | 0 ||| PLANNING D:1-11
    72 | D:1      | Reached skill level 3 in Dodging
   108 | D:1      | Reached XP level 2. HP: 14/14 MP: 3/3
   293 | D:1      | Found a faded altar of an unknown god.
   318 | D:1      | Reached XP level 3. HP: 18/18 MP: 4/4
   642 | D:1      | 642 ||| DROPPING ring of wizardry.
   643 | D:1      | 643 ||| READING scroll labelled GYMU LIELE.
   643 | D:1      | 643 ||| ENCHANTING +0 shortbow.
   644 | D:1      | 644 ||| DRINKING 2 fizzy yellow potions.
   645 | D:1      | 645 ||| DROPPING scroll of butterflies.
   770 | D:2      | 770 ||| READING scroll of enchant weapon.
   770 | D:2      | 770 ||| ENCHANTING +1 shortbow.
  1086 | D:2      | Reached XP level 4. HP: 22/22 MP: 5/5
  1288 | D:2      | 1288 ||| READING scroll labelled LEDEBUOPHE.
  1288 | D:2      | 1288 ||| IDENTIFYING glowing inky potion
  1289 | D:2      | 1289 ||| READING scroll labelled KEQ VOAFOILIEFF.
  1330 | D:2      | 1330 ||| READING scroll labelled BEUTHRU FODOHUM.
  1330 | D:2      | 1330 ||| ENCHANTING +2 shortbow.
  1383 | D:3      | Identified the +10 dagger of Urgency {venom, Fly rPois rF-
                  | SInv}
  1576 | D:3      | Identified the +1 helmet "Dafat" {rF+ rCorr MP+9 Dex-5}
  1576 | D:3      | Noticed Robin
  1588 | D:3      | Killed Robin
  1589 | D:3      | HP: 5/23 [goblin/+0 club[Robin] (5)]
  1590 | D:3      | 1590 ||| DRINKING potion of heal wounds.
  1662 | D:3      | HP: 5/23 [orc priest/+0 whip (5)]
  1663 | D:3      | Killed from afar by an orc priest

Levels and vault maps discovered:
D:1:      minmay_arrival_hallway, layout_basic, ebering_ecumenical_altar_webs,
          lexackson_kobold_supper
D:2:      layout_loops_ring
D:3:      layout_loops_ring, uniq_robin, uniq_crazy_yiuf_cottage

Skill      XL: |  1  2  3  4 |
---------------+-------------+-----
Dodging        | 3 4 5 |  5.0
Ranged Weapons | 5 |  5.1
Fighting       | 2 |  2.0
Stealth        | |  1.5

Action                     |  1- 3 |  4- 6 || total
---------------------------+-------+-------++-------
   Fire: Shortbow          |    89 |    49 ||   138
    Use: Scroll            |     2 |     3 ||     5
         Potion            |     1 |     1 ||     2
 Armour: Robe              |     3 |    13 ||    16
  Dodge: Dodged            |    17 |    30 ||    47

Table legend:
 A = Non-vault XP
 B = Vault XP
 C = Vault XP percentage of total XP
 D = Non-vault monster count
 E = Vault monster count
 F = Vault count percentage of total count
                 A         B        C        D         E       F
            +---------+---------+-------+---------+---------+-------
      Total |     137 |      44 |  24.3 |      47 |      18 |  27.7
            +---------+---------+-------+---------+---------+-------
        D:1 |      46 |       9 |  16.4 |      24 |       7 |  22.6
        D:2 |      49 |       0 |   0.0 |      14 |       0 |   0.0
        D:3 |      42 |      35 |  45.5 |       9 |      11 |  55.0
            +---------+---------+-------+---------+---------+-------
